 Dungeon Crawl Stone Soup version 0.28-a0-851-g8b9cc49659 (webtiles) character file.

Game seed: 5303778998458904479

91 Twinkles the Ducker (level 4, -2/33 HPs)
             Began as a Djinni Hedge Wizard on Nov 14, 2021.
             Was a Follower of Makhleb.
             Slain by a black bear (4 damage)
             ... on level 4 of the Dungeon on Nov 15, 2021.
             The game lasted 00:23:37 (3977 turns).

Twinkles the Ducker (Djinni Hedge Wizard)           Turns: 3977, Time: 00:23:38

Health: -2/33      AC:  4    Str: 10    XL:     4   Next: 87%
Gold:   141        EV: 12    Int: 16    God:    Makhleb [*.....] SH:  0 Dex: 12

rFire   + + .      SeeInvis .   i - +2 short sword (drain)
rCold   x . .      Faith    .   (no shield)
rNeg    . . .      Spirit   .   b - +0 robe
rPois   ∞          Reflect  .   d - +0 helmet
rElec   .          Harm     .   j - +0 cloak
rCorr   .          Rampage  .   (no gloves)
Will    .....                   (boots unavailable)
Stlth   ++........              (no amulet)
HPRegen 0.11/turn               (no ring)
MPRegen 0.00/turn               (no ring)

@: on blink cooldown, flying
A: sickness immunity, fire resistance 2, cold vulnerability 1, float, innate
caster, hp casting, extra vitality 1
a: Renounce Religion


You were on level 4 of the Dungeon.
You worshipped Makhleb.
Makhleb was aware of your devotion.
You visited 1 branch of the dungeon, and saw 4 of its levels.

You collected 141 gold pieces.

Inventory:

Hand Weapons
 a - a +0 dagger
 i - a +2 short sword of draining (weapon)
Missiles
 h - 13 poisoned darts
 l - 24 sling bullets
 s - 41 stones
Armour
 b - a +0 robe (worn)
 c - a +0 hat
 d - a +0 helmet (worn)
 j - a +0 cloak (worn)
Magical Staves
 e - a staff of poison
Scrolls
 f - 2 scrolls of amnesia {unknown}
 g - 3 scrolls of identify {unknown}
 k - a scroll of blinking {unknown}


   Skills:
 + Level 2.1 Fighting
 + Level 3.3 Dodging
 - Level 1.5 Stealth
 + Level 3.1 Spellcasting


You couldn't memorise any spells.
You knew the following spells:

 Your Spells              Type           Power      Damage    Failure   Level
a - Magic Dart            Conj           48%        1d5       5%          1
b - Blink                 Tloc           24%        N/A       8%          2
c - Call Imp              Summ           12%        N/A       8%          2
d - Slow                  Hex            48%        N/A       5%          1
e - Conjure Flame         Conj/Fire      12%        6-21      16%         3
f - Mephitic Cloud        Conj/Pois/Air  12%        N/A       16%         3
g - Pain                  Necr           48%        1d6       5%          1
Your spell library was empty.

Dungeon Overview and Level Annotations

Branches:
Dungeon (4/15)
 Temple: D:4-7

Altars:
Makhleb
Xom


Innate Abilities, Weirdness & Mutations

You are immune to sickness and miasma.
You are immune to poison.
Your flesh is very heat resistant. (rF++)
You are vulnerable to cold. (rC-)
You float through the air rather than walking.
You learn spells naturally, not from books.
Your magical power is your life essence.
You have superior vitality. (+4 HP)


Message History

Confirm with . or Enter, or press ? or * to list all spells.
Okay, then.
Unknown command.
Casting: Pain (safe; 5% risk of failure)
Confirm with . or Enter, or press ? or * to list all spells.
Okay, then.
Unknown command.
Casting: Pain (safe; 5% risk of failure)
Confirm with . or Enter, or press ? or * to list all spells.
You blink.
Casting: Blink (safe; 8% risk of failure)
Confirm with . or Enter, or press ? or * to list all spells.
Aiming: Magic Dart (safe; 5% risk of failure)
Press: ? - help, Shift-Dir - straight line, f/p - black bear
Aim: a black bear (almost dead, berserk, 100% to hit)
The magic dart hits the black bear but does no damage.
The black bear is almost dead.
The black bear rages.
Casting: Magic Dart (safe; 5% risk of failure)
Confirm with . or Enter, or press ? or * to list all spells.
Aiming: Magic Dart (safe; 5% risk of failure)
Press: ? - help, Shift-Dir - straight line, f/p - black bear
Aim: a black bear (almost dead, berserk, 100% to hit)
The magic dart hits the black bear.
The black bear is almost dead.
The black bear bites you but does no damage.
The black bear barely misses you.
The black bear claws you but does no damage.
Casting: Magic Dart (safe; 5% risk of failure)
Confirm with . or Enter, or press ? or * to list all spells.
Aiming: Magic Dart (safe; 5% risk of failure)
Press: ? - help, Shift-Dir - straight line, f/p - black bear
Aim: a black bear (almost dead, berserk, 100% to hit)
The magic dart hits the black bear.
The black bear is almost dead.
The black bear bites you!
* * * LOW HITPOINT WARNING * * *
The black bear closely misses you. The black bear barely misses you. x2
The black bear claws you.
You die...

.#####..########
. ..#..# # .###
#.#..#
.....#.#..#
.....#.#..#
..........#
..........####..
........h.......
........@.......
#...............
##.######.......
#. #....... #
#....... .......
..##... ### ##.


You could see a black bear (berserk).

Vanquished Creatures
  3 adders (D:2)
  A dart slug (D:2)
  An orc (D:3)
  2 ball pythons (D:1)
  3 endoplasms
  3 goblins (D:1)
  4 hobgoblins
  2 quokkas (D:1)
  3 bats
  A frilled lizard (D:3)
  7 kobolds
  3 rats
33 creatures vanquished.

Vanquished Creatures (collateral kills)
  An adder (D:2)
  2 worms (D:2)
  A dart slug (D:2)
  3 ball pythons (D:2)
  2 hobgoblins (D:2)
  A bat (D:2)
  A rat (D:2)
11 creatures vanquished.

Grand Total: 44 creatures vanquished

Notes
Turn   | Place    | Note
-------+----------+-------------------------------------------
     0 | D:1      | Twinkles the Djinni Hedge Wizard began the quest for the
                  | Orb.
     0 | D:1      | Reached XP level 1. HP: 15/15 MP: 0/0
   291 | D:1      | Found a faded altar of an unknown god.
   303 | D:1      | Prayed at the altar of an unknown god.
   303 | D:1      | Became a worshipper of Makhleb the Destroyer
   303 | D:1      | Reached * piety under Makhleb
   320 | D:1      | Reached XP level 2. HP: 17/22 MP: 0/0
   699 | D:1      | Reached skill level 1 in Fighting
  1351 | D:2      | Reached XP level 3. HP: 24/27 MP: 0/0
  1351 | D:2      | Learned a level 1 spell: Pain
  2009 | D:2      | Reached XP level 4. HP: 31/32 MP: 0/0
  3268 | D:3      | Found a shimmering altar of Xom.
  3611 | D:3      | Noticed a steam dragon
  3951 | D:4      | Noticed a black bear
  3977 | D:4      | HP: 2/33 [black bear (11)]
  3977 | D:4      | Slain by a black bear

Illustrated notes

Levels and vault maps discovered:
D:1:      elethiomel_arrival_infinity_welcomes_careful_drivers, layout_basic,
          ebering_ecumenical_altar_box, minivault_26
D:2:      layout_loops_ring, minmay_misc_feat_room, minmay_misc_feat_plants,
          kennysheep_nub, kennysheep_generic_room_7
D:3:      layout_loops_corners, xom_butterflies, chequers_serial_rivers_marsh,
          st_stairs_9, minmay_goblin_outpost
D:4:      minmay_goblin_kobold_castle, layout_layer_cave,
          nemelex_dance_club_becter, serial_co_window_serial, co_window_paths_b,
          co_window_of_opportunity_a, co_window_corner_a, co_window_paths_b,
          co_window_of_opportunity_a, co_window_paths_a, co_window_corner_a,
          co_window_paths_a, co_window_paths_b, co_window_broadway_a,
          co_window_unsneaky_path_b, co_window_corner_b

Skill      XL: |  1  2  3  4 |
---------------+-------------+-----
Fighting       | 1 2 |  2.1
Dodging        | 3 |  3.3
Spellcasting   | 3 |  3.1
Stealth        | |  1.5

Action                   |  1- 3 |  4- 6 || total
-------------------------+-------+-------++-------
Melee: Dagger            |     9 |    11 ||    20
 Cast: Magic Dart        |    42 |    38 ||    80
       Call Imp          |     7 |    17 ||    24
       Slow              |     1 |     1 ||     2
       Pain              |    10 |     7 ||    17
       Blink             |     1 |     1 ||     2
       Conjure Flame     |       |     1 ||     1
       Mephitic Cloud    |       |     1 ||     1
 Stab: Sleeping          |     1 |     1 ||     2
Armor: Robe              |     4 |     4 ||     8
Dodge: Dodged            |    20 |    12 ||    32

Table legend: (Time is in decaauts)
 A = Elapsed time spent in this place.
 B = Non-inter-level travel time spent in this place.
 C = Inter-level travel time spent in this place.
 D = Time resting spent in this place.
 E = Time spent auto-exploring this place.
 F = Levels seen in this place.
 G = Mean time per level.
                   A        B        C        D        E       F      G
               +--------+--------+--------+--------+--------+-----+--------+
         Total |   3978 |   3734 |    244 |    347 |   2854 |   4 |  994.5 |
       Dungeon |   3978 |   3734 |    244 |    347 |   2854 |   4 |  994.5 |
               +--------+--------+--------+--------+--------+-----+--------+

Top non-repeatable levels by time:
     D:2: 2184 daAuts
     D:1: 1327 daAuts
     D:3: 432 daAuts
     D:4: 34 daAuts
